AoeStats
← Juanfreelance

Nomad

510004488Analyzed
2v2 RM · 3d ago on Sep 29, 2026· 36m 16s· 4 players
Game mode
Random Map
Map size
176×176
Population
200
Speed
Normal
Resources
Standard
Victory
Conquest
Starting age
Dark Age
Ending age
Imperial Age
RankedLock teamsTeams togetherTeam positionsShared explorationLock speedFull tech treeHidden civsTurbo modeCheats
Victory
Defeat
🇵🇦 Persians · Panama
1343
+12
🇦🇺 Italians · Australia
1283
+15
🇨🇱 Mongols · Chile
1264
-18
🇦🇷 Hindustanis · Argentina
1251
-13
Cabbage
3:42 Loom
15:11 Feudal Age
15:42 Double-Bit Axe
15:40 Horse Collar
15:53 Gold Mining
15:50 Town Watch
19:35 Castle Age
17:45 Fletching
18:03 Fishing Lines
19:48 Padded Archer Armor
20:00 Stone Mining
20:33 Medium Warships
20:59 Bodkin Arrow
22:27 Bow Saw
23:53 Gillnets
24:57 Stone Shaft Mining
25:14 Leather Archer Armor
26:01 Ballistics
27:34 Wheelbarrow
28:35 Guard Tower
30:48 Horse Collar
34:39 Imperial Age
32:25 Hand Cart
32:28 Heavy Plow
33:56 Masonry
33:59 Forging
35:14 Town Patrol
35:52 Bracer
37:31 Chemistry
Juanfreelance
6:21 Loom
13:24 Feudal Age
17:45 Castle Age
17:25 Forging
25:25 Bloodlines
26:27 Horse Collar
28:23 Wheelbarrow
28:43 Scale Barding Armor
29:51 Iron Casting
32:35 Heavy Plow
32:21 Double-Bit Axe
34:02 Bow Saw
33:46 Gold Mining
34:04 Town Watch
35:19 Hand Cart
35:44 Gold Shaft Mining
35:48 Town Patrol
39:23 Imperial Age
SsSs
4:42 Loom
13:47 Feudal Age
14:15 Double-Bit Axe
17:24 Forging
20:42 Castle Age
20:18 Fletching
23:58 Medium Warships
24:36 Wheelbarrow
25:02 Horse Collar
27:23 Heavy Plow
27:34 Bow Saw
27:16 Gold Mining
28:17 Fishing Lines
30:35 Stone Mining
31:22 Gold Shaft Mining
32:17 Scale Mail Armor
32:14 Town Watch
32:58 Grand Trunk Road
35:44 Imperial Age
33:39 Bodkin Arrow
33:44 Padded Archer Armor
34:06 Scale Mail Armor
36:12 Chain Mail Armor
37:06 Iron Casting
Plutos0101
5:05 Loom
13:53 Feudal Age
19:33 Castle Age
17:57 Double-Bit Axe
18:05 Gold Mining
20:36 Bow Saw
22:04 Fletching
22:52 Padded Archer Armor
26:23 Bodkin Arrow
Connection lost

Rejoining the realm…

Still unreachable

The connection could not be restored.

Session expired

The server has moved on; the page needs a fresh start.